 Dungeon Crawl Stone Soup version 0.15-a0-1914-g8cb84b8 (webtiles) character file.

294 gmfino the Ruinous (level 6, -3/32 HPs)
             Began as a Deep Elf Conjurer on July 7, 2014.
             Was an Initiate of Vehumet.
             Slain by WhatIsLove's ghost (10 damage)
             ... on Level 4 of the Dungeon.
             The game lasted 00:15:09 (3203 turns).

gmfino the Ruinous (Deep Elf Conjurer)              Turns: 3203, Time: 00:15:11

HP  -3/32        AC  2     Str  5      XL: 6   Next: 11%
MP   3/21        EV 13     Int 22      God: Vehumet [......]
Gold 152         SH  0     Dex 15      Spells:  3 memorised,  5 levels left

rFire  . . .     SeeInvis .     (no weapon)
rCold  . . .     Clarity  .     a - +0 robe
rNeg   . . .     rCorr    .     (no shield)
rPois  .         rRot     .     (no helmet)
rElec  .         Spirit   .     (no cloak)
SustAb .         Warding  .     (no gloves)
rMut   .         Stasis   .     (no boots)
Gourm  .                        (no amulet)
MR     .....                    (no ring)
                                (no ring)

@: very slightly contaminated, slowed, very slow, not resistant to hostile
enchantments, unstealthy
A: no striking features
a: Renounce Religion


You were on level 4 of the Dungeon.
You worshipped Vehumet.
Vehumet was noncommittal.
You were not hungry.

You visited 2 branches of the dungeon, and saw 5 of its levels.

You collected 152 gold pieces.

Inventory:

Armour
 a - a +0 robe (worn)
Comestibles
 b - 4 bread rations
 p - a meat ration
 z - 4 chunks of orc flesh
Scrolls
 e - a scroll of immolation {unknown}
 g - 2 scrolls of teleportation {unknown}
 i - a scroll of recharging {unknown}
 j - a scroll of amnesia {unknown}
 k - 3 scrolls of remove curse {unknown}
 o - a scroll of magic mapping {unknown}
 v - a scroll of enchant armour {unknown}
 w - a scroll of identify {unknown}
Potions
 d - 3 potions of curing {unknown}
 f - a potion of resistance {unknown}
 h - a potion of agility {unknown}
 l - a potion of magic {unknown}
 m - 3 potions of heal wounds {unknown}
 n - a potion of degeneration {unknown}
 q - a potion of poison {unknown}
 r - a potion of cure mutation {unknown}
 s - a potion of brilliance {unknown}
 u - a potion of restore abilities {unknown}
 x - 2 potions of might {unknown}
Books
 c - a book of Conjurations

   Spells                             Type                      Level
   *Magic Dart                        Conjuration                  1
   Searing Ray                        Conjuration                  2
   Dazzling Spray                     Conjuration/Hexes            3
   Fulminant Prism                    Conjuration/Hexes            4
   *Iskenderun's Mystic Blast         Conjuration                  4
   *Iskenderun's Battlesphere         Conjuration/Charms           5
Miscellaneous
 t - a plain deck of war


   Skills:
 - Level 2.4 Dodging
 - Level 2.4 Stealth
 - Level 5.0 Spellcasting
 + Level 7.1 Conjurations
 * Level 1.9 Charms


You had 5 spell levels left.
You knew the following spells:

 Your Spells              Type           Power        Failure   Level  Hunger
a - Magic Dart            Conj           ####         1%          1    None
b - Iskenderun's Mystic   Conj           #####...     8%          4    ####...
c - Iskenderun's Battles  Conj/Chrm      ####....     50%         5    #####..


Dungeon Overview and Level Annotations

Branches:
Dungeon (4/15)             Temple (1/1) D:4

Altars:
Ashenzari
Cheibriados
Dithmenos
Elyvilon
Fedhas
Gozag
Kikubaaqudgha
Makhleb
Nemelex Xobeh
Okawaru
Qazlal
Sif Muna
Trog
Vehumet
Xom
Yredelemnul
Zin
The Shining One

Annotations:
D:3 gmfino's ghost, average GrFi
D:4 WhatIsLove's ghost, average FoFi


Message History

The magic dart hits WhatIsLove's ghost.
WhatIsLove's ghost is moderately damaged.
Your battlesphere fires!
The barrage of energy hits WhatIsLove's ghost.
WhatIsLove's ghost is heavily damaged.
WhatIsLove's ghost barely misses you. WhatIsLove's ghost hits you!
* * * LOW HITPOINT WARNING * * *
Casting: Magic Dart
Confirm with . or Enter, or press ? or * to list all spells.
Aiming: Magic Dart
Press: ? - help, Shift-Dir - straight line, f/p - WhatIsLove's ghost
Aim: WhatIsLove's ghost (heavily damaged)
The magic dart hits WhatIsLove's ghost.
WhatIsLove's ghost is heavily damaged.
Your battlesphere fires!
The barrage of energy hits WhatIsLove's ghost.
WhatIsLove's ghost is severely damaged.
Your battlesphere expends the last of its energy and dissipates.
WhatIsLove's ghost hits you!
You die...

.#..........#....#..#...'....#
####..#####'##'####'##'##....#
####..####..#................#
..+.........#................#
>.#.........'............#'#.#
######'####'#ยง...........#...####
.................##+##+###..##..#
.................#..'.......#...+
................@W..#.......'...#
.................##'##..###.#####
..#####.....##'###..##..###'#####
..# #.....#....#..#....#[......
).# #.(...'....#..'....'.......
..# #.....#....'..#....#.......
..# #.....#####################
### #######


You could see WhatIsLove's ghost.

Vanquished Creatures
  An ogre (D:4)
  A hound (D:4)
  3 worker ants (D:4)
  An ogre skeleton (D:4)
  An adder (D:2)
  A worm (D:4)
  An ooze (D:1)
  3 giant geckos
  9 orcs
  5 ball pythons
  4 giant cockroaches
  5 goblins
  2 hobgoblins (D:1)
  7 jackals
  11 bats
  5 giant newts
  3 kobolds
  An orc skeleton (D:4)
  12 rats
76 creatures vanquished.

Notes
Turn   | Place    | Note
--------------------------------------------------------------
     0 | D:1      | gmfino, the Deep Elf Conjurer, began the quest for the Orb.
     0 | D:1      | Reached XP level 1. HP: 10/10 MP: 5/5
   281 | D:1      | Reached XP level 2. HP: 15/15 MP: 6/8
   284 | D:1      | Reached skill level 5 in Conjurations
  1135 | D:2      | Reached XP level 3. HP: 19/19 MP: 6/12
  1498 | D:3      | Noticed an ogre
  1570 | D:3      | Found a sparkling altar of Nemelex Xobeh.
  1709 | D:3      | Reached skill level 5 in Spellcasting
  1718 | D:3      | Noticed gmfino's ghost (average GrFi)
  1846 | D:3      | Reached XP level 4. HP: 24/24 MP: 7/17
  1856 | D:3      | Learned a level 4 spell: Iskenderun's Mystic Blast
  2186 | D:4      | Noticed WhatIsLove's ghost (average FoFi)
  2214 | D:4      | Noticed a phantom
  2269 | D:4      | Found a staircase to the Ecumenical Temple.
  2277 | Temple   | Entered the Ecumenical Temple
  2376 | Temple   | Became a worshipper of Vehumet
  2545 | D:4      | Noticed an ogre
  2546 | D:4      | Killed an ogre
  2546 | D:4      | Reached skill level 6 in Conjurations
  2546 | D:4      | Reached XP level 5. HP: 28/28 MP: 6/19
  2593 | D:4      | Learned a level 5 spell: Iskenderun's Battlesphere
  2749 | D:4      | Reached skill level 7 in Conjurations
  2906 | D:4      | Reached skill level 1 in Charms
  2906 | D:4      | Reached XP level 6. HP: 25/32 MP: 16/21
  3203 | D:4      | Slain by WhatIsLove's ghost

Action                   |  1- 3 |  4- 6 || total
-------------------------+-------+-------++-------
 Cast: Magic Dart        |   104 |    68 ||   172
       Iskenderun's Myst |       |     7 ||     7
       Iskenderun's Batt |       |     1 ||     1
  Eat: Chunk             |     2 |     2 ||     4
       Meat ration       |       |     1 ||     1
